 Dungeon Crawl Stone Soup version 0.18.1-48-g4cf74bf (webtiles) character file.

22430 Raptoricus the Nimble (level 12, -1/74 HPs)
             Began as a Vampire Enchanter on Aug 24, 2016.
             Was an Elder of Yredelemnul.
             Slain by a troll (3 damage)
             ... on level 1 of the Orcish Mines.
             The game lasted 01:34:31 (17091 turns).

Raptoricus the Nimble (Vampire Enchanter)          Turns: 17091, Time: 01:34:32

Health: -1/74      AC: 18    Str:  7    XL:     12   Next: 62%
Magic:  4/18       EV: 25    Int: 19    God:    Yredelemnul [****..]
Gold:   980        SH:  0    Dex: 23    Spells: 5 memorised, 6 levels left

rFire  . . .     SeeInvis +     r - +0 double sword (elec)
rCold  + . .     Gourm    .     E - +2 robe {rN+}
rNeg   + + +     Faith    .     (no shield)
rPois  +         Spirit   .     f - +0 helmet
rElec  .         Dismiss  .     v - +1 cloak
rCorr  .         Reflect  .     V - +1 pair of gloves
SustAt .         Harm     .     T - +2 pair of boots
MR     +....                    k - amulet of magic regeneration
Stlth  ++++......               m - +5 ring of protection
                                s - +5 ring of dexterity

@: regenerating slowly, somewhat resistant to hostile enchantments, stealthy
A: fangs 3, see invisible, unbreathing
a: Bat Form, Recall Undead Slaves, Injury Mirror, Animate Dead, Drain Life,
Renounce Religion


You were on level 1 of the Orcish Mines.
You worshipped Yredelemnul.
Yredelemnul was greatly pleased with you.
You were very thirsty.

You visited 3 branches of the dungeon, and saw 16 of its levels.

You collected 980 gold pieces.

Inventory:

Hand Weapons
 a - a +1 rapier
 b - a +1 shortbow of freezing
 r - a +0 double sword of electrocution (weapon)
 Y - a +0 demon blade of pain
Missiles
 i - 4 silver tomahawks
 t - 2 tomahawks of returning (quivered)
 u - 242 arrows
 J - 17 tomahawks
 O - 6 javelins
 Z - 4 poisoned tomahawks
Armour
 f - a +0 helmet (worn)
 v - a +1 cloak (worn)
 E - a +2 robe of positive energy (worn)
 L - a cursed -1 robe
 T - a +2 pair of boots (worn)
 V - a +1 pair of gloves (worn)
 X - a mottled dragon hide
Jewellery
 g - an uncursed ring of protection from fire
 k - an amulet of magic regeneration (around neck)
 l - an uncursed ring of protection from fire
 m - a +5 ring of protection (right hand)
 p - an uncursed ring of resist corrosion
 s - a +5 ring of dexterity (left hand)
Wands
 j - a wand of confusion (23/48)
 A - a wand of enslavement (13/24)
 B - a wand of lightning (1/15)
 I - a wand of teleportation (3/9)
 N - a wand of flame (39/48)
 P - a wand of acid (6/15)
Scrolls
 e - 2 scrolls of recharging
 o - 5 scrolls of teleportation
 x - 3 scrolls of remove curse
 y - 2 scrolls of blinking
 z - 2 scrolls of fog
 C - a scroll of fear {unknown}
 Q - a scroll of amnesia
 R - a scroll of vulnerability {unknown}
Potions
 d - 2 potions of heal wounds {unknown}
 h - 2 potions of might {unknown}
 n - 2 potions of curing {unknown}
 q - 2 potions of flight {unknown}
 w - 2 potions of degeneration {unknown}
 F - a potion of cure mutation {unknown}
 G - 2 potions of invisibility {unknown}
 H - 2 potions of resistance {unknown}
 K - a potion of haste {unknown}
 M - 2 potions of cancellation {unknown}
 S - 2 potions of lignification {unknown}
 U - 2 potions of agility {unknown}
 W - a potion of blood
Books
 c - a book of Maledictions

   Spells                             Type                      Level
   a - Corona                         Hexes                        1
   b - Ensorcelled Hibernation        Hexes/Ice                    2
   c - Confuse                        Hexes                        3
   d - Tukima's Dance                 Hexes                        3
   e - Dazzling Spray                 Conjuration/Hexes            3
 D - a book of Flames

   Spells                             Type                      Level
   a - Flame Tongue                   Conjuration/Fire             1
   b - Throw Flame                    Conjuration/Fire             2
   c - Conjure Flame                  Conjuration/Fire             3
   d - Inner Flame                    Hexes/Fire                   3
   e - Sticky Flame                   Conjuration/Fire             4
   f - Fireball                       Conjuration/Fire             5


   Skills:
 - Level 11.0(11.2) Short Blades
 + Level 2.3(6.9) Long Blades
 + Level 6.6 Bows
 * Level 4.9 Armour
 - Level 12.3 Dodging
 - Level 6.0 Stealth
 - Level 3.9 Spellcasting
 - Level 6.3 Hexes
 - Level 1.7 Ice Magic
 * Level 8.5 Invocations
 + Level 0.3 Evocations


You had 6 spell levels left.
You knew the following spells:

 Your Spells              Type           Power        Failure   Level  Hunger
a - Corona                Hex            ####...      1%          1    None
b - Ensorcelled Hibernat  Hex/Ice        ###...       4%          2    ##.....
c - Confuse               Hex            ####....     3%          3    ###....
d - Tukima's Dance        Hex            ####....     3%          3    ###....
e - Dazzling Spray        Conj/Hex       ###...       12%         3    ###....


Dungeon Overview and Level Annotations

Branches:
Dungeon (13/15)            Temple (1/1) D:5            Lair (0/8) D:10
    Orc (2/2) D:12            Elf (0/3) Orc:2
 Vaults: D:13-14

Altars:
Ashenzari
Cheibriados
Dithmenos
Elyvilon
Fedhas
Gozag
Kikubaaqudgha
Makhleb
Nemelex Xobeh
Okawaru
Pakellas
Qazlal
Ru
Sif Muna
Trog
Vehumet
Xom
Yredelemnul
Zin
The Shining One
Beogh

Shops:
D:8 :   D:9 !   D:12 :   Orc:2 (}


Innate Abilities, Weirdness & Mutations

You heal slowly.
You have razor-sharp teeth.
You have supernaturally acute eyesight.
You can survive without breathing.


Message History

Things that are here:
a large rock; a dagger The troll bites you!
* * * LOW HITPOINT WARNING * * *
The troll barely misses you. The troll completely misses you.
The troll misses you. The troll closely misses you. x2
Yredelemnul accepts your kill.
You feel a bit more experienced. Yredelemnul grants you undead servants!
You climb upwards.
An orc priest and an ogre come into view.
Found 24 gold pieces.
There is a stone staircase leading down here.
The orc priest shouts!
You slash the troll!
You kill the troll!
Yredelemnul accepts your kill. The troll closely misses you.
The troll misses you. The troll claws you.
You die...
Yredelemnul claims you as an undead slave.

# ## # #>
.# . ##
.##.. #
......
#O.....
##.......
#@.......
#T..o.....
..#....#...
#..#....# .
#. ..####
#. ... #
... #...


You could see a troll, an ogre and an orc priest.

Vanquished Creatures
  2 unseen horrors
  5 hill giants
  An ugly thing (D:11)
  A cyclops (D:9)
  A black mamba (D:10)
  A kobold demonologist (D:12)
  A komodo dragon (D:10)
  5 trolls
  Grinder (D:3)
  A two-headed ogre (Orc:1)
  Sigmund (D:5)
  A spriggan (D:9)
  A wyvern (D:12)
  A shadow (D:12)
  A yak (D:11)
  3 hungry ghosts
  A hippogriff (D:13)
  A vampire mosquito (D:11)
  Menkaure (D:6)
  A warg (D:12)
  4 orc warriors
  An ice beast (D:7)
  A wasp (D:11)
  3 sky beasts
  A necrophage (D:9)
  An eye of draining (D:11)
  8 centaurs
  7 ogres
  2 big kobolds
  5 giant frogs
  A wyvern zombie (D:9)
  3 scorpions
  5 killer bees (D:11)
  2 wights (D:9)
  A howler monkey (D:6)
  3 centaur zombies
  7 crimson imps
  4 giant frog zombies
  A quasit (D:11)
  4 hounds
  6 orc priests
  4 jellies
  3 centaur skeletons
  A giant frog skeleton (D:11)
  6 iguanas
  7 worker ants
  17 orc wizards
  A killer bee zombie (D:11)
  8 adders
  A shadow imp (D:11)
  3 oozes
  An adder zombie (D:6)
  An iguana zombie (D:11)
  2 adder skeletons
  A worm (D:2)
  A dart slug (D:5)
  9 giant geckos
  54 orcs
  3 giant cockroaches
  9 goblins
  8 hobgoblins
  11 jackals
  3 quokkas
  3 ball pythons
  6 bats
  A giant cockroach zombie (D:5)
  3 giant newts
  18 kobolds
  3 orc zombies
  A quokka skeleton (D:5)
  10 rats
300 creatures vanquished.

Vanquished Creatures (collateral kills)
  Maud (D:11)
  Donald (Orc:2)
  An ogre mage (Orc:2)
  A centaur warrior (D:11)
  Erica (D:10)
  An orc high priest (Orc:1)
  2 deep trolls (Orc:2)
  3 hill giants
  A deep elf mage (D:11)
  An ugly thing (D:11)
  A manticore (D:11)
  A cyclops (Orc:2)
  A centaur zombie (D:12)
  Joseph (D:8)
  A kobold demonologist (D:12)
  An efreet (D:13)
  5 trolls
  4 two-headed ogres (Orc:2)
  A shadow (D:11)
  A vampire (D:11)
  3 wraiths (D:11)
  Eustachio (D:5)
  A human (D:11)
  A hill giant zombie (D:11)
  2 wargs
  A water moccasin (D:11)
  A mottled dragon (D:12)
  An ice beast (D:13)
  9 orc warriors
  6 ogres (Orc:2)
  2 phantoms
  A centaur (D:10)
  A crocodile (D:11)
  A giant frog (D:11)
  A big kobold (D:9)
  2 wyvern zombies
  A water moccasin skeleton (D:10)
  8 killer bees
  2 wights (D:9)
  3 crimson imps (D:11)
  A quasit (D:11)
  2 hounds (D:11)
  A jelly (D:11)
  A centaur skeleton (D:11)
  10 orc priests
  7 orc wizards
  2 worker ants
  A hound zombie (D:11)
  4 shadow imps
  36 orcs
  A quokka (D:8)
  3 kobolds
147 creatures vanquished.

Vanquished Creatures (others)
  18 flying skulls
  A vampire (Orc:2)
  7 dancing weapons
  A deep troll zombie (Orc:2)
  A troll zombie (Orc:2)
  A two-headed ogre zombie (Orc:2)
  2 killer bee zombies (D:11)
  2 ogre zombies (Orc:2)
  A hound zombie (D:11)
  A worker ant zombie (D:11)
  2 iguana zombies
  An adder skeleton (D:8)
  An orc (D:10)
  A kobold zombie (D:9)
  An orc skeleton (D:12)
  8 orc zombies
  11 plants (D:10)
60 creatures vanquished.

Grand Total: 507 creatures vanquished

Notes
Turn   | Place    | Note
--------------------------------------------------------------
     0 | D:1      | Raptoricus the Vampire Enchanter began the quest for the Orb.
     0 | D:1      | Reached XP level 1. HP: 13/13 MP: 3/3
   391 | D:1      | Reached skill level 5 in Stealth
   391 | D:1      | Reached XP level 2. HP: 19/19 MP: 5/5
   466 | D:1      | Learned a level 2 spell: Ensorcelled Hibernation
   656 | D:1      | Reached skill level 5 in Hexes
   854 | D:1      | Reached XP level 3. HP: 24/24 MP: 3/6
   859 | D:1      | Learned a level 3 spell: Confuse
  1291 | D:2      | Found a glowing silver altar of Zin.
  1641 | D:2      | Found a shattered altar of Ashenzari.
  1955 | D:2      | Reached XP level 4. HP: 30/30 MP: 5/7
  2267 | D:3      | Noticed Grinder
  2274 | D:3      | Paralysed by Grinder for 6 turns
  2284 | D:3      | Paralysed by Grinder for 7 turns
  2302 | D:3      | Killed Grinder
  2302 | D:3      | Reached skill level 3 in Dodging
  2302 | D:3      | Reached skill level 1 in Ice Magic
  2302 | D:3      | Reached XP level 5. HP: 24/35 MP: 3/10
  2302 | D:3      | Reached XP level 6. HP: 28/41 MP: 3/11
  2360 | D:3      | Learned a level 3 spell: Tukima's Dance
  2431 | D:3      | Found an iron altar of Okawaru.
  3105 | D:3      | Learned a level 3 spell: Dazzling Spray
  4139 | D:5      | Entered Level 5 of the Dungeon
  4164 | D:5      | Noticed Sigmund
  4165 | D:5      | Noticed a sky beast
  4175 | D:5      | Killed a sky beast
  4175 | D:5      | Reached XP level 7. HP: 46/46 MP: 9/12
  4189 | D:5      | Killed Sigmund
  4189 | D:5      | Reached skill level 1 in Armour
  4189 | D:5      | Reached skill level 4 in Dodging
  4224 | D:5      | Found a deep blue altar of Sif Muna.
  4309 | D:5      | Found a burning altar of Makhleb.
  4427 | D:5      | Found a bloodstained altar of Trog.
  4629 | D:5      | Found a staircase to the Ecumenical Temple.
  4656 | Temple   | Entered the Ecumenical Temple
  4748 | Temple   | Became a worshipper of Yredelemnul the Dark
  4886 | D:5      | Reached skill level 5 in Dodging
  4894 | D:5      | Noticed Eustachio
  4910 | D:5      | Killed Eustachio
  4910 | D:5      | Reached XP level 8. HP: 52/52 MP: 13/13
  5077 | D:6      | Noticed Menkaure
  5151 | D:6      | Reached skill level 5 in Short Blades
  5151 | D:6      | Reached skill level 1 in Bows
  5470 | D:6      | Killed Menkaure
  5470 | D:6      | Reached skill level 6 in Dodging
  6031 | D:7      | Reached skill level 1 in Invocations
  6328 | D:7      | Reached skill level 7 in Dodging
  6348 | D:7      | Found an oddly glowing altar of Pakellas.
  6399 | D:7      | Noticed an unseen horror
  6407 | D:7      | Reached XP level 9. HP: 56/57 MP: 9/14
  6445 | D:7      | Killed an unseen horror
  6695 | D:7      | Found a stormy altar of Qazlal.
  6903 | D:8      | Found Plog's Book Shop.
  6937 | D:8      | Reached skill level 8 in Dodging
  6974 | D:8      | Reached * piety under Yredelemnul
  7613 | D:8      | Noticed Joseph
  7629 | D:8      | Killed Joseph
  8762 | D:9      | Reached XP level 10. HP: 51/63 MP: 3/15
  8829 | D:9      | Found Latwed's Distillery.
  8870 | D:9      | Noticed a cyclops
  8929 | D:9      | Killed a cyclops
  9059 | D:9      | Reached skill level 9 in Dodging
  9415 | D:9      | Reached ** piety under Yredelemnul
  9921 | D:10     | Entered Level 10 of the Dungeon
  9984 | D:10     | Reached skill level 5 in Bows
 10048 | D:10     | Noticed Erica
 10054 | D:10     | HP: 3/63 [Erica/orb of energy (25)]
 10893 | D:10     | Killed Erica
 11110 | D:10     | Noticed a black mamba
 11117 | D:10     | Killed a black mamba
 11329 | D:10     | Found a staircase to the Lair.
 11478 | D:10     | Found a blossoming altar of Fedhas.
 11696 | D:11     | Reached skill level 10 in Dodging
 11967 | D:11     | Reached XP level 11. HP: 53/68 MP: 4/16
 11984 | D:11     | Noticed a hill giant
 12004 | D:11     | Killed a hill giant
 12004 | D:11     | Reached *** piety under Yredelemnul
 12299 | D:11     | Noticed a hill giant
 12312 | D:11     | Killed a hill giant
 12337 | D:11     | Noticed an unseen horror
 12341 | D:11     | Noticed Maud
 12344 | D:11     | Killed an unseen horror
 12344 | D:11     | Reached skill level 5 in Invocations
 12357 | D:11     | Reached skill level 11 in Dodging
 12377 | D:11     | Killed Maud
 12377 | D:11     | Reached skill level 10 in Short Blades
 13250 | D:11     | Received a gift from Yredelemnul
 13304 | D:11     | Noticed a centaur warrior
 13320 | D:11     | Killed a centaur warrior
 13399 | D:11     | Noticed a hill giant
 13410 | D:11     | Killed a hill giant
 13443 | D:11     | You fall through a shaft!
 13928 | D:12     | Noticed a hill giant
 13933 | D:12     | Noticed a deep elf mage
 13935 | D:12     | Noticed a cyan ugly thing
 13936 | D:12     | Noticed a purple ugly thing
 13946 | D:11     | Killed a deep elf mage
 14002 | D:11     | Killed a hill giant
 14097 | D:11     | Killed a cyan ugly thing
 14176 | D:11     | Reached **** piety under Yredelemnul
 14243 | D:11     | Killed a purple ugly thing
 14576 | D:12     | Reached skill level 12 in Dodging
 14600 | D:12     | Found a staircase to the Orcish Mines.
 14705 | D:12     | Noticed a hill giant
 14728 | D:12     | Killed a hill giant
 14728 | D:12     | Reached XP level 12. HP: 74/74 MP: 17/17
 15042 | D:12     | Received a gift from Yredelemnul
 15196 | D:12     | Found Robarask's Book Shoppe.
 15992 | D:13     | Reached skill level 1 in Long Blades
 16048 | Orc:1    | Entered Level 1 of the Orcish Mines
 16050 | Orc:1    | Noticed an orc high priest
 16061 | Orc:1    | Received a gift from Yredelemnul
 16066 | Orc:1    | Found a roughly hewn altar of Beogh.
 16072 | Orc:1    | Killed an orc high priest
 16525 | Orc:1    | Received a gift from Yredelemnul
 16761 | Orc:1    | Received a gift from Yredelemnul
 16945 | Orc:2    | Entered Level 2 of the Orcish Mines
 16946 | Orc:2    | Found Zuataquh's Gadget Shop.
 16946 | Orc:2    | Noticed Donald
 16993 | Orc:2    | Killed Donald
 17040 | Orc:2    | Killed an ogre mage
 17045 | Orc:2    | Received a gift from Yredelemnul
 17046 | Orc:2    | Found a staircase to the Elven Halls.
 17067 | Orc:2    | Found Mynum's Weapon Shoppe.
 17089 | Orc:2    | HP: 2/74 [troll (10)]
 17090 | Orc:2    | Received a gift from Yredelemnul
 17091 | Orc:1    | Slain by a troll

Skill      XL: |  1  2  3  4  5  6  7  8  9 10 11 12 |
---------------+-------------------------------------+-----
Stealth        | 5 6 |  6.0
Hexes          | 5 6 |  6.3
Short Blades   | 2 3 4 5 7 9 10 11 | 11.0
Dodging        | 3 5 7 8 10 12 | 12.3
Spellcasting   | 3 |  3.9
Ice Magic      | 1 |  1.7
Armour         | 2 3 4 |  4.9
Bows           | 2 4 5 6 |  6.6
Invocations    | 1 3 4 6 8 |  8.5
Long Blades    | 2 |  2.3
Evocations     | |  0.3

Action                   |  1- 3 |  4- 6 |  7- 9 | 10-12 || total
-------------------------+-------+-------+-------+-------++-------
Melee: Dagger            |    77 |    80 |    34 |       ||   191
       Bite              |     4 |     7 |    32 |    53 ||    96
       Rapier            |       |       |   229 |   531 ||   760
       Double sword      |       |       |       |    11 ||    11
       Demon blade       |       |       |       |     6 ||     6
 Fire: Shortbow          |       |       |   100 |    89 ||   189
Throw: Tomahawk          |       |     2 |     3 |     2 ||     7
       Throwing net      |       |       |     1 |       ||     1
 Cast: Corona            |     9 |     2 |     5 |     2 ||    18
       Ensorcelled Hiber |    16 |    26 |    90 |   102 ||   234
       Confuse           |       |     9 |    40 |    92 ||   141
       Tukima's Dance    |       |     1 |    13 |    32 ||    46
       Dazzling Spray    |       |       |     4 |    10 ||    14
Invok: Animate Remains   |       |       |     8 |     6 ||    14
       Animate Dead      |       |       |       |    36 ||    36
       Recall Undead Sla |       |       |       |     1 ||     1
Evoke: Wand              |       |       |       |     2 ||     2
  Use: Scroll            |       |     3 |     4 |    13 ||    20
       Potion            |       |     5 |    10 |     1 ||    16
 Stab: Sleeping          |    22 |    31 |    56 |    58 ||   167
       Confused          |       |     3 |     7 |    16 ||    26
       Distracted        |       |       |     1 |    11 ||    12
       Invisible         |       |       |       |     2 ||     2
  Eat: Corpse            |    18 |     7 |     9 |    28 ||    62
Armor: Robe              |    34 |    10 |    79 |   167 ||   290
Dodge: Dodged            |    54 |    22 |   207 |   655 ||   938
